AoeStats
← Carlangasmotta

Black Forest

509760767Analyzed
2v2 RM · 5d ago on Sep 27, 2026· 71m 57s· 4 players
Game mode
Random Map
Map size
Medium (4 player)
Population
200
Speed
Normal
Resources
Standard
Victory
Conquest
Starting age
Dark Age
Ending age
Imperial Age
RankedLock teamsTeams togetherTeam positionsShared explorationLock speedFull tech treeHidden civsTurbo modeCheats
Victory
Defeat
🇵🇪 Celts · Peru
831
+18
🇮🇳 Byzantines · India
804
+19
🇦🇷 Mongols · Argentina
964
-64
🇦🇷 Saracens · Argentina
795
-30
hitmanvoodly
2:04 Loom
12:10 Feudal Age
12:55 Double-Bit Axe
12:55 Horse Collar
14:18 Wheelbarrow
23:03 Castle Age
21:59 Gold Mining
22:02 Stone Mining
24:00 Bow Saw
26:18 Hand Cart
28:45 Imperial Age
28:43 Gold Shaft Mining
31:49 Town Watch
33:23 Ballistics
34:05 Chemistry
33:36 Heavy Scorpion
35:19 Siege Engineers
35:27 Furor Celtica
35:38 Conscription
37:32 Forging
37:23 Scale Mail Armor
39:56 Iron Casting
39:36 Chain Mail Armor
39:37 Elite Woad Raider
43:49 Blast Furnace
43:19 Plate Mail Armor
52:00 Caravan
VCBlade
5:08 Loom
13:29 Feudal Age
13:57 Double-Bit Axe
13:54 Horse Collar
17:16 Wheelbarrow
20:43 Castle Age
22:14 Gold Mining
22:26 Heavy Plow
22:40 Bow Saw
24:17 Gold Shaft Mining
24:52 Stone Mining
28:27 Fletching
31:03 Hand Cart
31:33 Stone Shaft Mining
32:16 Squires
32:01 Gambesons
35:12 Imperial Age
34:04 Ballistics
33:40 Murder Holes
35:11 Forging
35:01 Scale Mail Armor
35:08 Scale Barding Armor
35:03 Padded Archer Armor
37:47 Chemistry
36:32 Arrowslits
37:25 Crop Rotation
38:01 Two-Man Saw
37:49 Capped Ram
39:46 Caravan
41:44 Husbandry
41:05 Light Cavalry
42:10 Conscription
42:03 Greek Fire
41:25 Elite Cataphract
42:40 Hoardings
41:52 Treadmill Crane
44:06 Iron Casting
43:47 Chain Mail Armor
43:52 Chain Barding Armor
43:28 Bodkin Arrow
43:48 Leather Archer Armor
43:18 Hussar
45:08 Logistica
47:19 Elite Varangian Guard
47:45 Arson
48:11 Thumb Ring
47:39 Siege Ram
49:22 Plate Mail Armor
49:28 Plate Barding Armor
49:05 Bracer
53:35 Elite Skirmisher
57:52 Plate Barding Armor
60:06 Ring Archer Armor
59:06 Pikeman
60:14 Halberdier
69:07 Bombard Tower
Carlangasmotta
0:36 Loom
12:55 Feudal Age
13:18 Horse Collar
13:27 Double-Bit Axe
14:20 Wheelbarrow
14:46 Gold Mining
22:04 Castle Age
20:10 Stone Mining
22:45 Heavy Plow
23:02 Hand Cart
23:01 Bow Saw
23:30 Gold Shaft Mining
25:40 Caravan
30:55 Imperial Age
29:17 Forging
29:13 Scale Barding Armor
30:46 Fortified Wall
30:32 Murder Holes
31:29 Town Watch
33:10 Two-Man Saw
33:17 Iron Casting
34:35 Town Patrol
35:36 Coinage
36:09 Blast Furnace
35:49 Chain Barding Armor
36:45 Elite Mameluke
38:22 Counterweights
38:50 Hoardings
38:38 Conscription
39:02 Banking
44:37 Plate Barding Armor
64:52 Husbandry
65:03 Bloodlines
moto2506
9:06 Feudal Age
8:59 Loom
11:11 Gold Mining
18:45 Castle Age
17:50 Double-Bit Axe
18:02 Horse Collar
29:27 Wheelbarrow
36:33 Imperial Age
35:46 Light Cavalry
36:27 Husbandry
37:34 Bloodlines
37:32 Scale Barding Armor
38:06 Hussar
40:12 Bow Saw
44:15 Chain Barding Armor
67:09 Heavy Plow
Connection lost

Rejoining the realm…

Still unreachable

The connection could not be restored.

Session expired

The server has moved on; the page needs a fresh start.